AoeStats
← komutan logar

Pilgrims

508064031Analyzed
3v3 RM · 13d ago on Sep 20, 2026· 51m 23s· 6 players
Game mode
Random Map
Map size
Normal (6 player)
Population
200
Speed
Normal
Resources
Standard
Victory
Conquest
Starting age
Dark Age
Ending age
Imperial Age
RankedLock teamsTeams togetherTeam positionsShared explorationLock speedFull tech treeHidden civsTurbo modeCheats
Victory
Defeat
🇹🇷 Celts · Türkiye
1470
+6
🇹🇷 Sicilians · Türkiye
1222
+14
🇹🇷 Spanish · Türkiye
1218
+15
🇦🇷 Goths · Argentina
1291
-15
🇦🇷 Huns · Argentina
1213
-12
🇪🇪 Hindustanis · Estonia
1089
-8
elPreto
11:20 Feudal Age
12:27 Double-Bit Axe
12:59 Loom
13:10 Fishing Lines
15:37 Castle Age
14:38 Horse Collar
16:43 Bow Saw
17:21 Medium Warships
18:04 Gillnets
18:56 Wheelbarrow
18:07 Town Watch
20:21 Hand Cart
22:03 Fervor
21:47 Horse Collar
22:27 Gold Mining
23:19 Heavy Plow
24:34 Gold Shaft Mining
24:22 Scale Barding Armor
24:27 Forging
27:02 Bloodlines
26:52 Husbandry
27:21 Chain Barding Armor
27:36 Iron Casting
26:52 Fletching
27:41 Stone Mining
33:47 Imperial Age
32:02 Marauders
33:53 Bodkin Arrow
33:58 Elite Tarkan
35:13 Plate Barding Armor
35:39 Blast Furnace
35:49 Two-Man Saw
43:18 Guilds
48:36 Atheism
49:10 Cavalier
50:20 Bracer
51:23 Chemistry
50:33 Masonry
50:50 Paladin
ElBochitaDeLaGente
3:31 Loom
12:32 Feudal Age
14:24 Fishing Lines
15:45 Fletching
17:08 Forging
17:31 Double-Bit Axe
18:22 Scale Mail Armor
19:27 Wheelbarrow
23:26 Castle Age
24:32 Bodkin Arrow
25:08 Gillnets
29:10 Crossbowman
maxokol
3:49 Loom
11:11 Feudal Age
12:24 Town Watch
12:27 Double-Bit Axe
16:22 Castle Age
15:46 Horse Collar
16:21 Fletching
23:55 Scale Mail Armor
23:52 Bodkin Arrow
26:29 Bow Saw
30:00 Heavy Plow
30:26 Bloodlines
30:28 Forging
30:25 Scale Barding Armor
Conqurues
8:28 Loom
10:42 Feudal Age
14:47 Castle Age
13:25 Double-Bit Axe
17:08 Bow Saw
16:44 Horse Collar
25:55 Wheelbarrow
32:43 Imperial Age
31:10 Heavy Plow
33:03 Padded Archer Armor
33:55 Bloodlines
33:46 Husbandry
36:37 Leather Archer Armor
39:19 Conscription
38:58 Elite Conquistador
40:20 Ballistics
41:01 Chemistry
45:53 Ring Archer Armor
45:08 Cavalier
48:30 Paladin
50:02 Scale Barding Armor
50:08 Forging
52:13 Chain Barding Armor
52:30 Iron Casting
komutan logar
6:31 Loom
11:30 Feudal Age
16:50 Gold Mining
17:39 Stone Mining
18:55 Double-Bit Axe
20:29 Wheelbarrow
24:18 Fletching
26:28 Forging
28:35 Scale Mail Armor
28:26 Horse Collar
31:37 Castle Age
29:50 Arson
31:06 Padded Archer Armor
32:57 Bow Saw
33:04 Squires
34:46 Heavy Plow
34:33 Town Watch
34:50 Pikeman
35:53 Man-at-Arms
38:43 Hand Cart
41:54 Iron Casting
42:47 Chain Mail Armor
45:33 Imperial Age
47:01 Town Patrol
48:01 Plate Mail Armor
49:24 Crop Rotation
49:30 Halberdier
52:49 Blast Furnace
[GN]LAZURİ
4:54 Loom
10:09 Feudal Age
11:17 Double-Bit Axe
11:22 Fishing Lines
16:24 Castle Age
14:41 Fletching
15:15 Forging
18:41 Medium Warships
21:35 Wheelbarrow
24:49 Imperial Age
24:07 Bodkin Arrow
25:11 Bow Saw
25:44 Horse Collar
26:57 Scale Mail Armor
31:09 Chain Mail Armor
31:37 Town Watch
32:49 Conscription
34:44 Plate Mail Armor
35:55 Ballistics
37:45 Iron Casting
37:45 Arson
39:05 Murder Holes
43:10 Chemistry
44:04 Masonry
46:19 Heavy Plow
48:10 Blast Furnace
Connection lost

Rejoining the realm…

Still unreachable

The connection could not be restored.

Session expired

The server has moved on; the page needs a fresh start.